[Event "SixDays Budapest March IM A 2025"]
[Site "Budapest"]
[Date "2025.03.27"]
[Round "6.1"]
[White "Ilincic, Zlatko"]
[Black "Kustar, Sandor"]
[Result "1/2-1/2"]
[Annotator "TA"]
[ECO "D72"]
[WhiteElo "2251"]
[BlackElo "2231"]
[PlyCount "30"]
[EventDate "2025.03.23"]
[EventType "tourn"]
[EventCountry "HUN"]
[SourceTitle "playchess.com"]
[Source "ChessBase"]
[SourceQuality "1"]
[TimeControl "5400+30"]

1. d4 Nf6 2. c4 g6 3. g3 Bg7 4. Bg2 d5 5. cxd5 Nxd5 6. e4 Nb6 7. Ne2 c5 $1 {[%emt 0:00:08] 7...c5 is better than 7...0-0. D72: Fianchetto Grünfeld: 5 cxd5 Nxd5 6 e4 Nb6 (without Nf3).} 8. dxc5 {[%emt 0:00:08] The position is equal.} Qxd1+ 9. Kxd1 Na4 10. Nbc3 Nxc5 11. Be3 Nba6 12. Kc2 Nb4+ 13. Kb1 $1 Nba6 14. Kc2 Nb4+ $146 (14... Be6 15. Rad1 Rc8 16. Kb1 Bc4 17. Rd2 Nb4 18. Nc1 O-O 19. Nd5 Nxd5 20. exd5 b6 21. Bd4 Rfd8 22. Bxg7 Kxg7 {½-½ Ilincic,Z (2296)-Neverov,V (2455) Budapest FS06 GM 2022 (8)}) 15. Kb1 $1 Nba6 {[%emt 0:00:04] Not much happened in this game.   Weighted Error Value: White=0.04 (flawless) /Black=0.01 (flawless)   OK:         	White=3     	Black=6      Strong:       	White=2     	---} 1/2-1/2

[Event "SixDays Budapest March IM A 2025"]
[Site "Budapest"]
[Date "2025.03.27"]
[Round "6.2"]
[White "Mrithyunjay Mahadevan"]
[Black "Cu, Ivan Travis"]
[Result "1-0"]
[Annotator "TA"]
[ECO "D16"]
[WhiteElo "2295"]
[BlackElo "2286"]
[PlyCount "111"]
[EventDate "2025.03.23"]
[EventType "tourn"]
[EventCountry "HUN"]
[SourceTitle "playchess.com"]
[Source "ChessBase"]
[SourceQuality "1"]
[TimeControl "5400+30"]

1. d4 Nf6 2. c4 c6 3. Nf3 d5 4. Nc3 dxc4 5. a4 e6 6. e3 c5 7. Bxc4 cxd4 {[%emt 0:00:24] D16: Slav Defence: 5 a4: Lines with 5...Bg4 and 5...Na6.} 8. Nxd4 Bb4 9. Bd2 O-O {[%emt 0:01:53] The position is equal.} 10. O-O Nc6 11. Nxc6 bxc6 12. Qc2 a5 $146 (12... Rb8 13. Rfd1 Qa5 14. Ne2 c5 15. Bc3 Bxc3 16. Nxc3 Bb7 17. e4 Qc7 18. b3 Ng4 {0-1 Melone,A (2125)-Jirovsky,M (2478) Imperia op-A 55th 2013 (2)}) 13. Rfd1 Qe7 14. Ne2 Bxd2 15. Rxd2 Nd5 16. Rad1 Ba6 17. Bxa6 Rxa6 18. e4 Nb4 19. Qc4 Raa8 20. Nd4 h6 21. g3 (21. Nxc6 Qc7 22. Rc1 Rfc8 23. Nxa5 Qxa5 24. Qxc8+ Rxc8 25. Rxc8+ Kh7 $19) 21... Qc7 22. Nb5 Qe7 23. Nd6 Rfd8 24. e5 (24. Qc5 $16) 24... Qa7 25. Kg2 Rab8 26. h4 Rd7 27. Rc1 Nd5 28. Qc5 (28. Qxc6 $2 Rc7 $19) 28... Nb4 {[%emt 0:02:21][%csl Od6] Strong Square White (d6)} 29. f4 (29. Qxa7 $16 Rxa7 30. Rc5) 29... Qc7 $11 30. Kh3 Qd8 31. Rcd1 Nd5 (31... Qc7 $11 {keeps the balance.}) 32. Qxc6 $16 Rb4 33. Rf1 (33. f5 {with more complications.} Qc7 34. Qa6 Ne3 35. fxe6 Nxd1 36. exf7+ Rxf7 37. Nxf7 Qxf7 38. Qc8+) 33... Ne7 (33... Rc7 $14 34. Qa6 Qb8) 34. Qa6 {[%emt 0:01:33] White is much more active.} (34. Qf3 $16) 34... Rxa4 $2 (34... Qc7 $1 $14) 35. Nb7 $1 $18 Rxd2 36. Nxd8 Rxd8 37. Qa7 Kf8 (37... Nf5) 38. Rc1 h5 (38... g6 {was called for.} 39. h5 gxh5) 39. b3 $2 (39. Rd1 $18 Nd5 (39... Rxd1 $2 40. Qb8+ $18) 40. f5 Nf4+ 41. gxf4 Rxd1 42. Qb8+ Ke7 43. f6+ gxf6 44. Qc7+ Kf8 45. exf6 Rd3+ 46. Kg2) 39... Ra2 $16 40. Rc7 $2 $40 {[%emt 0:00:26][%mdl 128] White mounts an attack.} (40. Qb6 $18 Rad2 41. Qxa5) 40... Re8 (40... g5 $11 41. hxg5 (41. Rxe7 $2 g4#) 41... Rdd2) 41. Rb7 g6 42. Qc5 (42. b4 $142) 42... a4 (42... Ra1 43. Qd6 Rh1+ 44. Kg2 Rc1) 43. b4 $18 a3 44. Ra7 $2 (44. b5 $18 {is more deadly.}) 44... Ra1 {[%emt 0:00:34] [#]} (44... Rb2 $16) 45. Qc3 $2 ({White should play} 45. Qd6 $1 $18) 45... Rb1 (45... Rh1+ $11 46. Kg2 Rc8 47. Qxa3 Rcc1) 46. Qxa3 Nf5 ({Better is} 46... Nd5 $1 $14) 47. Qd3 Rh1+ 48. Kg2 {[%emt 0:00:09][%cal Od3d7] Threatens to win with Qd7!.} Rd1 {[%emt 0:00:03] [#]} 49. Qa6 (49. Qxd1 $2 {too greedy.} Ne3+ 50. Kf3 Nxd1 $19) (49. Rxf7+ $2 Kxf7 50. Qe4 Rd2+ 51. Kh3 Nh6 $19) (49. Qf3 $1 $16 ) 49... Rd2+ $14 50. Kh3 (50. Kg1 $16) 50... Kg7 $2 (50... Nh6 $1 $11 {and Black stays safe.} 51. Qc4 Ng4) 51. Qc6 $18 Re7 52. Ra8 g5 53. hxg5 {[%emt 0:00:15] Threatening mate with Qc8.} Red7 54. Qc8 Kg6 55. Qg8+ (55. Qh8 $142 Rd8 56. Qf6+ (56. Rxd8 Rxd8 57. Qxd8 Kg7 58. b5 h4 59. b6 Nd4 60. Qxd4 hxg3 61. Kxg3 Kg8) 56... Kh7 57. Qxf7+ (57. Rxd8 Rxd8 58. Qxd8 Kg7 $18) 57... Ng7 58. Ra7 R8d7 59. Rxd7 Rxd7 60. Qxd7) 55... Ng7 56. Qh8 {[%emt 0:00:06] Weighted Error Value: White=0.61/Black=0.81  Loses game:     	---       	Black=3      Missed win:     	White=5     	---        Mistake:       	White=5     	Black=8      Inaccurate:     	White=3     	Black=4      OK:         	White=14    	Black=12     Best:        	White=3     	Black=2      Strong:       	White=1     	---} 1-0

[Event "SixDays Budapest March IM A 2025"]
[Site "Budapest"]
[Date "2025.03.27"]
[Round "6.3"]
[White "Karacsonyi, Bank"]
[Black "Nakahara, Kan"]
[Result "1/2-1/2"]
[Annotator "TA"]
[ECO "C77"]
[WhiteElo "2162"]
[BlackElo "2113"]
[PlyCount "160"]
[EventDate "2025.03.23"]
[EventType "tourn"]
[EventCountry "HUN"]
[SourceTitle "playchess.com"]
[Source "ChessBase"]
[SourceQuality "1"]
[TimeControl "5400+30"]

1. e4 e5 2. Nf3 Nc6 3. Bb5 a6 4. Ba4 Nf6 5. Nc3 b5 6. Bb3 Be7 7. d3 d6 8. a3 {[%emt 0:00:18] C77: Ruy Lopez: 3...a6 4 Ba4 Nf6, unusual lines.} Bg4 9. h3 Bxf3 10. Qxf3 Nd4 {[%emt 0:00:08] Inhibits Ne2.} 11. Qd1 $146 ({Predecessor:} 11. Qg3 Nxb3 12. cxb3 Qd7 13. O-O O-O 14. Nd5 Nxd5 15. exd5 f5 16. f3 f4 17. Qe1 {½-½ Rigazzi,W-Soccoja,P Lenk op 1989}) 11... Nxb3 12. cxb3 Nd7 {[%emt 0:00:39] Not much happening anymore} 13. b4 O-O 14. O-O f5 15. Bd2 (15. exf5 $14 Rxf5 16. Kh1) 15... c6 16. a4 Kh8 17. Qb3 fxe4 18. dxe4 (18. axb5 {with more complications.} axb5 19. Rxa8 Qxa8 20. Qe6) 18... Nb6 19. Qc2 Qd7 20. a5 Nc8 (20... Nc4 21. Be1 $16) 21. Ne2 d5 22. Rac1 (22. Qd3 $142 $1) 22... Nd6 $1 $11 23. Qxc6 Qxc6 24. Rxc6 Nxe4 25. Be1 d4 {[%emt 0:05:45] [#]} 26. Nxd4 exd4 27. Re6 Bf6 28. Rxe4 Rac8 (28... Kg8 $11) 29. Bd2 ({White should try} 29. Re6 $1 $14) 29... Rc2 30. Rd1 Rxb2 31. Re6 Ra8 32. Kf1 Kg8 33. Ke2 Kf7 34. Rc6 Re8+ 35. Kd3 {[%emt 0:01:12] [#]} (35. Kf1 $1 $11) 35... Re6 (35... Ra2 $1 $17 36. Rc7+ (36. Rxa6 Ra3+) 36... Kf8) 36. Rxe6 Kxe6 {[%emt 0:00:24][%mdl 4096] Endgame KRB-KRB} 37. Ke4 Rc2 38. g4 Rc4 39. f4 g6 40. f5+ gxf5+ 41. gxf5+ Kd6 42. Re1 Be5 43. Bh6 d3+ $1 44. Kxd3 Kd5 45. Bd2 Rd4+ 46. Kc2 Rh4 47. Re3 Rh5 48. Rd3+ Ke4 49. f6 Bxf6 50. Rd6 Bd4 51. Rxa6 Rxh3 52. Re6+ Kd5 53. Re7 h5 54. Rd7+ Kc4 55. a6 Ra3 56. Rd6 $2 (56. Rc7+ $11 Kd5 57. Rh7) 56... Ra2+ $19 57. Kd1 Kd3 58. Bc1 Ra1 $2 (58... Rg2 $19 {[%cal Rg2g1] and Black stays clearly on top.} 59. Re6 h4) 59. Rd5 {[%emt 0:01:44] [#]} (59. a7 $142 Kc4 (59... Rxa7 $2 60. Bb2 $18) 60. Ke2 Bxa7 (60... Rxc1 $2 61. a8=Q $18) 61. Bd2) 59... h4 (59... Rxa6 $2 60. Bb2 $18 (60. Rxb5 Rf6 $17)) (59... Kc4 $1 60. Rxh5 Be3 (60... Kxb4 61. Rh4 $11)) 60. a7 $17 Rxa7 ({Black should play} 60... h3 $17 {...h2 would now be deadly.} 61. a8=R Rxa8) 61. Bb2 $1 $14 (61. Rxb5 $2 {is the wrong capture.} Ra1 62. Rb7 h3 $19) 61... Kc4 62. Rxd4+ {[%emt 0:00:19] KRB-KR} Kb3 63. Bc1 Rh7 64. Bf4 h3 65. Bh2 Kc3 66. Re4 Ra7 67. Be5+ Kb3 68. Ke1 Ra4 69. Bd6 {[%emt 0:00:52] Hoping for Re3+.} Ra6 70. Bf4 Ra2 71. Re3+ Kxb4 72. Rxh3 Kc4 73. Bd2 Ra6 74. Rc3+ Kd4 75. Rb3 Kc4 76. Rb4+ Kc5 77. Rb2 Kc4 78. Kd1 Ra4 79. Kc2 b4 80. Be1 Ra2 {[%emt 0:00:07] Weighted Error Value: White=0.22 (precise) /Black=0.23 (precise)   Loses game:     	White=1     	---        Missed win:     	---       	Black=1      Mistake:       	White=5     	Black=4      Inaccurate:     	White=3     	Black=4      OK:         	White=25    	Black=36     Best:        	White=9     	Black=5      Strong:       	White=1     	Black=2} 1/2-1/2

[Event "SixDays Budapest March IM A 2025"]
[Site "Budapest"]
[Date "2025.03.27"]
[Round "6.4"]
[White "Heimisson, Hilmir Freyr"]
[Black "Md Imran"]
[Result "1/2-1/2"]
[Annotator "TA"]
[ECO "A05"]
[WhiteElo "2388"]
[BlackElo "2421"]
[PlyCount "81"]
[EventDate "2025.03.23"]
[EventType "tourn"]
[EventCountry "HUN"]
[SourceTitle "playchess.com"]
[Source "ChessBase"]
[SourceQuality "1"]
[TimeControl "5400+30"]

1. Nf3 Nf6 2. g3 d5 3. Bg2 Bg4 4. O-O Nbd7 5. h3 Bh5 6. d4 {[%emt 0:00:22][%cal Oc2c4] A07: Réti Opening: New York and Capablanca Systems.} e6 {[%emt 0:00:17] [#]} 7. c4 $1 c6 8. cxd5 exd5 9. Ne5 Nxe5 {[%emt 0:04:58] 9...Ne4 gains popularity.} 10. dxe5 Ne4 11. Bxe4 dxe4 12. Nc3 Bg6 13. Qb3 Qb6 $146 (13... Qd7 14. Be3 Be7 15. Rad1 Qc7 16. Qc4 Qxe5 17. Bd4 Qf5 18. Qb3 b6 19. Qc4 O-O 20. Qxc6 Qxh3 {0-1 Svane,R (2637)-Daggupati,B (2443) Titled Tuesday intern op 01st Mar Late blitz 2022 (7)}) 14. Be3 Qxb3 15. axb3 a5 16. Rfd1 Bb4 17. Kg2 (17. Nxe4 $1 $14 O-O (17... Bxe4 18. Rd4 $16) 18. Nc5) 17... Bf5 18. g4 Be6 19. Nxe4 Bxb3 20. Nd6+ Kf8 (20... Bxd6 $1 $14 {was preferable.} 21. Rxd6 a4) 21. Rd3 $16 Bd5+ 22. f3 {[%emt 0:00:26] White has more active pieces.} f6 {[%emt 0:04:05] [#]} (22... Bxd6 $16 23. exd6 Ke8) 23. exf6 $1 $18 gxf6 (23... Bxd6 $2 24. fxg7+ Kxg7 25. Bd4+ Kf7 (25... Kg8 $2 26. Bxh8 Be7 27. e4 $18) 26. Bxh8 $18) 24. Nxb7 {[%emt 0:04:46][%csl Oa5,Oc6,Of6,Oh7] Black has weak pawns} Kf7 (24... Ke7 $16 {might work better.} 25. Bd2 Rhb8) 25. Bf4 Ra7 26. Nd6+ (26. e4 Rxb7 27. exd5 cxd5 $11) 26... Bxd6 27. Bxd6 Bc4 28. Re3 Rd7 29. Ba3 h5 30. Rc1 Bb5 31. Rc5 hxg4 32. hxg4 (32. fxg4 {simplifies} Rd2 33. Kg3 Rxe2 34. Rxe2 Bxe2 35. Rxc6 Rb8 36. Kf2) 32... Rd2 {[%emt 0:00:25] [#]} 33. Re7+ Kg6 $14 34. Kg3 {[%emt 0:00:26] and f4 should not be overlooked} Bxe2 35. Rxc6 (35. Rxa5 $14 Bxf3 36. Raa7 (36. Kxf3 Rh3+ 37. Ke4 Re2+ 38. Kd4 Rxa3 $11)) 35... Bxf3 $1 $11 {[%emt 0:04:51] The position is equal.} 36. Rcc7 Rd3 37. Rg7+ Kh6 38. Bf8 Bg2+ ({Inferior is} 38... Rxf8 39. Rh7+ Kg6 40. Rcg7#) 39. Kxg2 Rxf8 40. Rgd7 Rb3 41. Rb7 {[%emt 0:00:17] Black defended with fortune.   Weighted Error Value: White=0.13 (very precise) /Black=0.09 (flawless)   Mistake:       	White=3     	Black=3      Inaccurate:     	White=2     	Black=2      OK:         	White=16    	Black=15     Best:        	White=1     	Black=2      Strong:       	---       	Black=1} 1/2-1/2

[Event "SixDays Budapest March IM A 2025"]
[Site "Budapest"]
[Date "2025.03.27"]
[Round "6.5"]
[White "Li, Yilin"]
[Black "Singh, Siddharth"]
[Result "1/2-1/2"]
[Annotator "TA"]
[ECO "B30"]
[WhiteElo "1904"]
[BlackElo "2239"]
[PlyCount "72"]
[EventDate "2025.03.23"]
[EventType "tourn"]
[EventCountry "HUN"]
[SourceTitle "playchess.com"]
[Source "ChessBase"]
[SourceQuality "1"]
[TimeControl "5400+30"]

1. e4 c5 2. Nf3 Nc6 3. Bb5 e5 4. Bxc6 dxc6 5. d3 Bd6 6. a4 {[%emt 0:06:07] B30: Sicilian: 2...Nc6 3 Bb5, lines without ...g6.} a5 7. Nbd2 f6 8. Nc4 Bc7 9. Nh4 $146 ({Predecessor:} 9. b3 Ne7 10. Ba3 b6 11. Nh4 Be6 12. Ne3 Qd7 13. h3 O-O-O 14. Qf3 g5 15. Nhf5 Nxf5 16. Nxf5 Bxf5 17. Qxf5 Qxf5 18. exf5 {0-1 Kleibel,U (2302)-Iljin,T (2285) Titled Tuesday intern op 16th Jan Early blitz 2024 (11)}) 9... Ne7 10. Qh5+ g6 11. Qh6 Kf7 {[%emt 0:00:03] Repels Qg7+} 12. O-O (12. Nf3 {simplifies} b5 13. Ne3 Qf8 14. Qxf8+ Rxf8 15. h3) 12... g5 (12... b5 $11 13. Na3 g5) 13. Nf3 $14 Ng6 14. h4 {[%emt 0:07:03] White has more active pieces.} gxh4 {[%emt 0:23:18] A sharp opening} 15. Nxh4 {[%emt 0:02:36] A dynamic duo of knights.} Rg8 (15... Nxh4 $16 {might work better.} 16. Qxh4 h5) 16. Qxh7+ Rg7 17. Qh5 {[%emt 0:00:19] Threatens to win with Nf5.} Qh8 18. Qxh8 Nxh8 19. Ne3 (19. Nf5 $142) 19... Ng6 20. Nef5 (20. Nhf5 $16 Bxf5 21. Nxf5) 20... Nxh4 $1 $11 21. Nxh4 Bh3 {[%emt 0:00:46] [#] ...Rh8 is the strong threat.} 22. Re1 Rh8 23. Kf1 $1 Rxh4 24. gxh3 Rxh3 25. Be3 b6 26. Ke2 Rh4 27. Rh1 Rgh7 28. Rxh4 Rxh4 {[%emt 0:00:02][%mdl 4096] Endgame KRB-KRB} 29. b3 Bd6 30. Kf3 Bf8 31. Bd2 Bh6 {[%emt 0:00:17] The position is equal.} 32. Bc3 Bg5 33. Kg2 Rg4+ 34. Kf3 Rf4+ 35. Kg2 Rg4+ 36. Kf3 Rf4+ {[%emt 0:00:06] Weighted Error Value: White=0.11 (very precise) /Black=0.15 (very precise)   Mistake:       	White=2     	Black=2      Inaccurate:     	White=1     	Black=2      OK:         	White=10    	Black=14     Best:        	White=1     	Black=1      Strong:       	White=1     	Black=1} 1/2-1/2